 Dungeon Crawl Stone Soup version 0.29.1-15-g9cfb28693d (webtiles) character file.

Game seed: 3334613427065440125

7 javelincjr the Trooper (level 1, -2/18 HPs)
             Began as a Demonspawn Abyssal Knight on Mar 23, 2023.
             Was a Follower of Lugonu.
             Slain by a quokka (3 damage)
             ... on level 1 of the Dungeon.
             The game lasted 00:02:03 (554 turns).

javelincjr the Trooper (Demonspawn Abyssal Knight)   Turns: 554, Time: 00:02:04

Health: -2/18      AC:  3    Str: 13    XL:     1   Next: 91%
Magic:  2/2        EV: 11    Int: 11    God:    Lugonu [*.....]
Gold:   12         SH:  0    Dex: 13    Spells: 0/0 levels left

rFire   . . .      SeeInvis .   a - +1 hand axe
rCold   . . .      Faith    .   (no shield)
rNeg    . . .      Spirit   .   b - +0 leather armour
rPois   .          Reflect  .   (no helmet)
rElec   .          Harm     .   (no cloak)
rCorr   .          Rampage  .   (no gloves)
Will    .....                   (no boots)
Stlth   +.........              (no amulet)
HPRegen 0.06/turn               (no ring)
MPRegen 0.08/turn               (no ring)

@: no status effects
A: no striking features
a: Renounce Religion, Depart the Abyss


You were on level 1 of the Dungeon.
You worshipped Lugonu.
Lugonu was aware of your devotion.
You visited 1 branch of the dungeon, and saw 1 of its levels.
You visited the Abyss 1 time.

You collected 12 gold pieces.

Inventory:

Hand Weapons
 a - a +1 hand axe (weapon)
Armour
 b - a +0 leather armour (worn)
Potions
 c - a potion of magic {unknown}
 d - a potion of invisibility {unknown}
 e - a potion of attraction {unknown}
 f - a potion of flight {unknown}


   Skills:
 + Level 3.1 Fighting
 + Level 1.9 Axes
 + Level 1.9 Armour
 + Level 1.1 Dodging
 + Level 2.6 Invocations


You couldn't memorise any spells.
You didn't know any spells.
Your spell library was empty.

Dungeon Overview and Level Annotations

Branches:
Dungeon (1/15)

Altars:


Message History

You hit the quokka.
You kill the quokka!
Lugonu accepts your kill. The goblin closely misses you.
You barely miss the goblin.
The goblin is heavily wounded.
You hit the endoplasm.
A kobold comes into view. It is wielding a +0 whip.
The goblin barely misses you.
A goblin comes into view. It is wielding a +0 club.
The endoplasm hits you.
The goblin shouts!
The kobold shouts!
You hit the endoplasm.
You kill the endoplasm!
Lugonu accepts your kill.
You barely miss the goblin. The goblin closely misses you.
A quokka comes into view.
The goblin hits you with a +2 dagger of holy wrath.
You convulse.
You closely miss the goblin.
The goblin is heavily wounded.
You closely miss the goblin. The goblin misses you.
The goblin hits you with a +2 dagger of holy wrath.
You convulse.
You are too injured to fight recklessly!
You are too injured to fight recklessly!
You are too injured to fight recklessly!
You slash the goblin!
You kill the goblin!
Lugonu accepts your kill.
You hit the goblin. The goblin hits you with a +0 club.
* * * LOW HITPOINT WARNING * * *
The quokka bites you.
* * * LOW HITPOINT WARNING * * *
You closely miss the quokka. You hit the goblin.
You kill the goblin!
Lugonu accepts your kill.
A hobgoblin comes into view.
The quokka bites you.
You die...

##### #...# ..
########...###### ...
#................
...# ####.........###
#... ##........# #..#
#........# #...#
#####........####K.#
.............#.$@r.#
#####..........####g#
#..........#
#..........# #
#..........# ..
#.....#....# ..
............ ..
............. ..
.............


You could see a quokka, a hobgoblin and a kobold.

Vanquished Creatures
  An endoplasm (D:1)
  2 goblins (D:1)
  2 hobgoblins (D:1)
  A quokka (D:1)
  A frilled lizard (D:1)
7 creatures vanquished.

Notes
Turn   | Place    | Note
-------+----------+-------------------------------------------
     0 | Abyss:1  | javelincjr the Demonspawn Abyssal Knight began the quest
                  | for the Orb.
     0 | Abyss:1  | Reached XP level 1. HP: 18/18 MP: 2/2
    50 | Abyss:1  | Found a corrupted altar of Lugonu.
   137 | Abyss:1  | Noticed a smoke demon
   157 | D:1      | Escaped the Abyss
   488 | D:1      | Found a faded altar of an unknown god.
   507 | D:1      | Reached skill level 1 in Dodging
   554 | D:1      | Slain by a quokka

Illustrated notes

Levels and vault maps discovered:
D:1:      elethiomel_arrival_maze, layout_rooms,
          hellmonk_ecumenical_altar_run_dry, minmay_vboxes

Skill      XL: |  1 |
---------------+----+-----
Dodging        | 1 |  1.1
Fighting       | |  3.1
Axes           | |  1.9
Armour         | |  1.9
Invocations    | |  2.6

Action                   || total
-------------------------++-------
Melee: Hand axe          ||    14
Invok: Depart the Abyss  ||     1
Armor: Leather armour    ||     1
Dodge: Dodged            ||    10
